 Dungeon Crawl Stone Soup version 0.27-a0-760-gc38aae387d (webtiles) character file.

Game seed: 5610667563394791854

63 HoaS the Insei (level 4, 0/33 HPs)
             Began as a Djinni Gladiator on Mar 24, 2021.
             Slain by Crazy Yiuf
             ... wielding a +3 quarterstaff of chaos
              (3 damage)
             ... while petrified by Crazy Yiuf
             ... on level 2 of the Dungeon.
             The game lasted 00:03:58 (2302 turns).

HoaS the Insei (Djinni Gladiator)                   Turns: 2302, Time: 00:03:59

Health: 0/33       AC: 10    Str: 14    XL:     4   Next: 10%
Gold:   54         EV:  2    Int:  9    God:
                   SH:  0    Dex: 15

rFire    + + .     SeeInvis .     - Unarmed
rCold    x . .     Faith    .   (no shield)
rNeg     + + +     Spirit   .   g - +0 chain mail
rPois    ∞         Reflect  .   b - +0 helmet
rElec    .         Harm     .   (no cloak)
rCorr    .         Rampage  .   e - +0 pair of gloves
Will     .....                  (boots unavailable)
Stlth    ..........             (no amulet)
HPRegen  0.11/turn              (no ring)
MPRegen  0.00/turn              (no ring)

@: petrified, flying, slowed
A: fire resistance 2, cold vulnerability 1, float, innate caster, hp casting,
extra vitality 1
a: no special abilities


You were on level 2 of the Dungeon.
You visited 1 branch of the dungeon, and saw 2 of its levels.

You collected 54 gold pieces.

Inventory:

Missiles
 c - a throwing net (quivered)
Armour
 b - a +0 helmet (worn)
 e - a +0 pair of gloves (worn)
 g - a +0 chain mail (worn)
Wands
 f - a wand of acid (5)
Potions
 a - a potion of invisibility {unknown}
 d - a potion of curing
 h - a potion of mutation {unknown}


   Skills:
 - Level 2.0 Fighting
 - Level 1.5 Throwing
 - Level 3.2 Dodging
 + Level 4.8 Unarmed Combat


You had 2 spell levels left.
You knew the following spells:

 Your Spells              Type           Power      Damage    Failure   Level
a - Magic Dart            Conj           0%         1d3       100%        1
Your spell library was empty.


Dungeon Overview and Level Annotations

Branches:
Dungeon (2/15)

Altars:

Annotations:
D:2 Crazy Yiuf


Innate Abilities, Weirdness & Mutations

You are immune to poison.
Your flesh is very heat resistant. (rF++)
You are vulnerable to cold. (rC-)
You float through the air rather than walking.
You learn spells naturally, not from books.
Your magical power is your life essence.
You have superior vitality. (+4 HP)


Message History

You start resting.
HP restored.
There is an open door here.
Crazy Yiuf laughs, "Leather ena foot!"
Could not explore, unopened runed door.
Could not explore, unopened runed door.
Could not explore, unopened runed door.
You reach down and open the door.
You throw a throwing net.
The throwing net barely misses Crazy Yiuf.
Crazy Yiuf hits you with a +3 quarterstaff of chaos.
Crazy Yiuf freezes you.
You barely miss Crazy Yiuf.
Crazy Yiuf hits you with a +3 quarterstaff of chaos!
You are slowing down.
You throw a throwing net.
The throwing net barely misses Crazy Yiuf.
Crazy Yiuf hits you with a +3 quarterstaff of chaos!
Crazy Yiuf freezes you.
Your limbs are stiffening.
You are too injured to fight recklessly!
Unknown command.
You are too injured to fight recklessly!
Unknown command.
Throw: 2 throwing nets
Press: ? - help, Shift-Dir - straight line, f/p - Crazy Yiuf
Aim: Crazy Yiuf, wielding a +3 quarterstaff of chaos and wearing a +0 cloak (61% to hit)
You throw a throwing net.
The throwing net barely misses Crazy Yiuf.
Crazy Yiuf grits, "Key koolooloo light!"
Crazy Yiuf hits you but does no damage.
Crazy Yiuf hits you with a +3 quarterstaff of chaos!
* * * LOW HITPOINT WARNING * * *
You feel yourself slow down.
You have turned to stone.
Crazy Yiuf hits you with a +3 quarterstaff of chaos.
Crazy Yiuf completely misses you.
Crazy Yiuf hits you with a +3 quarterstaff of chaos!
* * * LOW HITPOINT WARNING * * *
Crazy Yiuf burns you.
Crazy Yiuf hits you with a +3 quarterstaff of chaos.
You die...

...#.##.#.# #.#
##.#.##.#.# #.#
......#.#.# #.#
#######.### ###
........# #########
.(......#### ###
#######....## ###..)#
............####@g..(#
##...........#..##...#
#.....#....#.### ###
#.....######## #.....#
####### #....#
#....###########
#....##........#


You could see Crazy Yiuf.

Vanquished Creatures
  An adder (D:2)
  A worm (D:2)
  A dart slug (D:1)
  An orc (D:2)
  2 ball pythons (D:1)
  3 bats (D:2)
  5 endoplasms
  A giant cockroach (D:1)
  3 goblins
  3 hobgoblins
  5 jackals (D:2)
  5 kobolds (D:1)
  4 quokkas
  4 rats
39 creatures vanquished.

Vanquished Creatures (collateral kills)
  A hobgoblin (D:2)
1 creature vanquished.

Grand Total: 40 creatures vanquished

Notes
Turn   | Place    | Note
-------+----------+-------------------------------------------
     0 | D:1      | HoaS the Djinni Gladiator began the quest for the Orb.
     0 | D:1      | Reached XP level 1. HP: 18/18 MP: 0/0
   164 | D:1      | Reached XP level 2. HP: 16/23 MP: 0/0
   448 | D:1      | Reached skill level 4 in Unarmed Combat
   452 | D:1      | You are sucked into a shaft and drop 1 floor!
   527 | D:2      | Reached XP level 3. HP: 22/28 MP: 0/0
   527 | D:2      | Learned a level 1 spell: Magic Dart
   986 | D:2      | Found a runed translucent door.
   987 | D:2      | Noticed Crazy Yiuf
  1504 | D:2      | Reached XP level 4. HP: 27/33 MP: 0/0
  2302 | D:2      | Slain by Crazy Yiuf

Illustrated notes

Levels and vault maps discovered:
D:1:      dpeg_arrival_ternary, layout_basic
D:2:      layout_basic, uniq_crazy_yiuf_cottage

Skill      XL: |  1  2 |
---------------+-------+-----
Unarmed Combat | 4 |  4.8
Fighting       | |  2.0
Throwing       | |  1.5
Dodging        | |  3.2

Action                   |  1- 3 |  4- 6 || total
-------------------------+-------+-------++-------
Melee: Unarmed           |   133 |    19 ||   152
       Punch             |     1 |       ||     1
Throw: Throwing net      |       |     3 ||     3
  Use: Scroll            |     3 |       ||     3
 Stab: Sleeping          |     1 |       ||     1
Armor: Leather armour    |     9 |       ||     9
       Chain mail        |    37 |    15 ||    52
Dodge: Dodged            |    64 |    12 ||    76

Table legend: (Time is in decaauts)
 A = Elapsed time spent in this place.
 B = Non-inter-level travel time spent in this place.
 C = Inter-level travel time spent in this place.
 D = Time resting spent in this place.
 E = Time spent auto-exploring this place.
 F = Levels seen in this place.
 G = Mean time per level.
                   A        B        C        D        E       F      G
               +--------+--------+--------+--------+--------+-----+--------+
         Total |   2291 |   2256 |     35 |    636 |   1291 |   2 | 1145.5 |
       Dungeon |   2291 |   2256 |     35 |    636 |   1291 |   2 | 1145.5 |
               +--------+--------+--------+--------+--------+-----+--------+

Top non-repeatable levels by time:
     D:2: 1509 daAuts
     D:1: 782 daAuts
